Map: Acid Plant LE

Players

Harstem

  • Race: Protoss Protoss
  • League: Master
  • Spawn Location: 5:00

ShoWTimE - Winner!

  • Race: Protoss Protoss
  • Spawn Location: 11:00

Event: HomeStory Cup XVIII

VOD

Have the link to the VOD?

Description

Time

  • Played on: Nov. 22, 2018, 11:48 a.m.
  • Length: 19:07

All games in this series

Show
View Real Time Build Order
Export as new Build Order

Harstem Protoss 

Build Orders: Oracle Opening 

Get SALT Encoding   

  12  0:00  Probe  
  13  0:12  Probe  
  14  0:17  Pylon  
  14  0:24  Probe  
  15  0:32  Probe  
  15  0:39  Gateway  
  15  0:40  Probe  
  16  0:49  Assimilator  
  17  0:51  Probe  
  18  0:59  Probe  
  19  1:06  Gateway  
  19  1:07  Probe  
  19  1:11  Assimilator  
  19  1:17  Probe  
  21  1:26  Cybernetics Core  
  21  1:29  Probe  
  22  1:36  Pylon  
  22  1:41  Probe  
  23  1:54  Probe  
  24  2:02  Sentry, Stalker  
  24  2:03  Warp Gate  
  28  2:14  Pylon  
  28  2:24  Oracle  
  27  2:37  Stalker  
  27  2:43  Nexus, Probe  
  30  2:46  Sentry  
  32  2:55  Probe  
  33  3:08  Stalker, Probe  
  36  3:16  Pylon, Probe  
  36  3:24  Probe  
  38  3:34  Probe, Robotics Facility  
  39  3:46  Probe  
  40  3:55  Probe  
  41  3:58  Probe  
  42  4:07  Probe  
  43  4:10  Probe  
  43  4:16  Warp Prism  
  44  4:18  Pylon  
  44  4:19  Probe  
  44  4:22  Probe  
  44  4:23  Adept x2  
  50  4:28  Robotics Bay  
  52  4:31  Probe  
  52  4:34  Pylon, Probe  
  54  4:43  Shield Battery, Probe  
  55  4:45  Stalker  
  55  4:49  Observer, Assimilator  
  57  4:54  Pylon, Assimilator  
  57  4:59  Probe  
  60  5:00  Probe  
  60  5:04  Twilight Council  
  60  5:10  Disruptor  
  60  5:11  Probe  
  60  5:12  Probe  
  62  5:17  Forge  
  65  5:23  Probe  
  65  5:27  Gateway  
  66  5:29  Gateway  
  66  5:32  Probe  
  67  5:35  Disruptor  
  67  5:37  Blink  
  67  5:44  Stalker  
  67  5:47  Stalker  
  72  5:53  Probe  
  72  5:55  Probe  
  69  6:01  Disruptor  
  69  6:07  Stalker  
  74  6:20  Gateway  
  74  6:22  Sentry, Stalker  
  74  6:23  Gateway  
  78  6:27  Disruptor  
  78  6:35  Stalker x2  
  83  6:45  Pylon  
  83  6:46  Pylon  
  83  6:53  Pylon  
  83  6:56  Warp Prism  
  83  7:00  Stalker  
  83  7:05  Pylon  
  85  7:17  Stalker x3  
  91  7:27  Stalker x2  
  93  7:30  Stalker  
  91  7:51  Probe  
  91  7:53  Stalker x4  
  91  7:54  Stalker  
  102  8:03  Probe  
  102  8:05  Pylon  
  101  8:07  Pylon  
  101  8:11  Pylon  
  93  8:20  Stalker x3  
  93  8:23  Stalker  
  93  8:26  Sentry  
  103  8:31  Disruptor  
  103  8:34  Stalker  
  102  8:58  Stalker x5  
  102  9:00  Disruptor, Stalker  
  113  9:26  Stalker x3  
  119  9:33  Disruptor  
  122  9:43  Zealot x3  
  119  10:02  Nexus  
  105  10:10  Stalker x4  
  110  10:14  Adept  
  110  10:19  Disruptor  
  113  10:33  Stalker x3  
  117  10:40  Sentry x2  
  102  10:55  Disruptor  
  95  11:02  Stalker x4  
  87  11:10  Probe x2  
  92  11:15  Protoss Ground Weapons Level 1, Stalker  
  95  11:22  Stalker  
  97  11:25  Probe  
  97  11:32  Probe  
  98  11:34  Stalker  
  98  11:36  Probe  
  98  11:37  Probe  
  102  11:55  Disruptor  
  102  11:59  Stalker x4  
  102  12:00  Probe x3  
  113  12:08  Probe x2  
  115  12:21  Adept x2  
  119  12:22  Probe  
  119  12:24  Dark Shrine  
  119  12:29  Probe x2  
  122  12:31  Assimilator  
  122  12:34  Disruptor  
  122  12:35  Probe, Assimilator  
  126  12:37  Pylon  
  126  12:40  Pylon  
  120  13:08  Probe  
  120  13:10  Disruptor  
  124  13:18  Stalker x3  
  124  13:19  Nexus  
  128  13:21  Pylon  
  126  13:28  Robotics Facility  
  124  13:39  Stalker x3  
  128  13:45  Disruptor  
  128  13:46  Dark Templar  
  128  13:47  Dark Templar  
  134  13:58  Protoss Ground Weapons Level 2  
  134  14:00  Zealot  
  134  14:01  Photon Cannon  
  135  14:06  Dark Templar  
  137  14:21  Disruptor  
  137  14:23  Dark Templar x2, Zealot x2  
  146  14:32  Disruptor  
  149  14:43  Probe  
  150  14:46  Robotics Bay  
  150  14:49  Photon Cannon  
  149  15:06  Nexus  
  149  15:09  Observer  
  149  15:11  Stargate  
  149  15:14  Pylon  
  149  15:16  Photon Cannon  
  148  15:28  Probe x3  
  148  15:31  Disruptor  
  148  15:33  Disruptor  
  151  15:38  Assimilator  
  151  15:44  Pylon x2  
  151  15:55  Stalker x2  
  151  15:56  Stalker  
  150  16:04  Dark Templar x2  
  150  16:10  Zealot  
  156  16:12  Protoss Ground Weapons Level 3  
  156  16:15  Photon Cannon  
  150  16:36  Dark Templar x2  
  150  16:37  Zealot  
  148  16:54  Stalker  
  148  16:55  Stalker x2  
  150  17:07  Stalker  
  152  17:08  Probe  
  152  17:09  Probe x2  
  152  17:11  Photon Cannon  
  152  17:14  Dark Templar x2  
  152  17:15  Photon Cannon  
  147  17:23  Disruptor  
  124  17:48  Disruptor  
  106  17:58  Disruptor, Probe  
  100  17:59  Probe  
  100  18:00  Zealot, Stalker x2  
  100  18:02  Probe  
  100  18:03  Probe  
  107  18:10  Zealot x3  
  113  18:23  Disruptor, Stalker x2  
  106  18:38  Zealot  
  106  18:39  Dark Templar, Zealot x2  
  95  18:51  Probe  
  90  19:05  Assimilator  
Show
View Real Time Build Order
Export as new Build Order

ShoWTimE Protoss - Winner!

Build Orders: Phoenix Opening, Archon Immortal 

Get SALT Encoding   

  12  0:00  Probe  
  13  0:12  Probe  
  14  0:17  Pylon  
  14  0:24  Probe  
  15  0:32  Probe  
  15  0:37  Gateway  
  15  0:40  Probe  
  16  0:46  Assimilator  
  17  0:50  Probe  
  17  0:54  Assimilator  
  18  0:58  Probe  
  19  1:06  Probe  
  19  1:10  Gateway  
  20  1:17  Probe  
  20  1:24  Cybernetics Core  
  21  1:29  Probe  
  22  1:34  Pylon  
  22  1:41  Probe  
  23  1:52  Stalker  
  23  1:53  Probe  
  24  2:00  Sentry, Warp Gate  
  28  2:05  Shield Battery  
  28  2:08  Probe  
  28  2:15  Pylon  
  29  2:29  Stalker  
  31  2:33  Phoenix  
  30  2:39  Stalker  
  32  2:52  Nexus  
  32  2:54  Probe  
  33  3:04  Pylon  
  33  3:06  Probe  
  34  3:18  Probe  
  35  3:27  Probe  
  35  3:29  Robotics Facility  
  36  3:35  Probe  
  37  3:42  Forge  
  37  3:45  Probe  
  38  3:57  Probe  
  39  4:02  Probe  
  39  4:03  Adept x2  
  39  4:06  Probe  
  45  4:10  Probe  
  45  4:14  Probe  
  45  4:15  Protoss Ground Weapons Level 1  
  46  4:19  Probe  
  46  4:20  Warp Prism  
  46  4:21  Phoenix  
  46  4:23  Probe  
  50  4:31  Probe  
  52  4:33  Pylon  
  52  4:35  Probe  
  53  4:41  Sentry  
  53  4:43  Probe  
  56  4:47  Probe, Immortal  
  57  4:54  Assimilator  
  57  4:55  Probe  
  57  4:58  Assimilator  
  63  5:00  Probe  
  63  5:02  Shield Battery  
  63  5:07  Probe  
  63  5:12  Probe  
  63  5:13  Pylon  
  66  5:24  Adept, Probe  
  66  5:26  Twilight Council  
  66  5:27  Adept  
  70  5:31  Immortal  
  70  5:33  Stargate  
  74  5:38  Pylon  
  74  5:46  Pylon  
  73  5:57  Stalker x2  
  73  6:03  Charge, Pylon  
  77  6:08  Phoenix  
  77  6:11  Gateway, Immortal  
  81  6:18  Protoss Ground Weapons Level 2  
  83  6:24  Gateway  
  83  6:29  Gateway  
  83  6:40  Zealot x2  
  87  6:52  Templar Archives  
  87  6:54  Gateway, Immortal  
  87  6:55  Gateway  
  91  7:12  Pylon  
  91  7:16  Zealot x2  
  91  7:17  Zealot  
  97  7:30  Gateway  
  97  7:35  High Templar x2  
  101  7:45  Gateway  
  99  7:52  High Templar x2, Zealot x3  
  99  7:53  Archon  
  99  7:57  Nexus  
  99  7:58  Pylon  
  107  7:59  Phoenix  
  107  8:00  Phoenix  
  107  8:13  Phoenix  
  107  8:19  High Templar x2  
  103  8:20  Zealot x3  
  103  8:23  Archon  
  103  8:24  Archon  
  111  8:29  Pylon  
  111  8:31  Zealot x2  
  115  8:34  Protoss Ground Weapons Level 3  
  115  8:40  Phoenix  
  113  8:48  Zealot x3  
  95  8:58  Zealot x2  
  95  9:03  Phoenix  
  95  9:08  Zealot  
  95  9:13  Zealot x2  
  99  9:20  Phoenix  
  99  9:35  High Templar, Zealot x2  
  99  9:36  High Templar  
  107  9:40  Archon  
  107  9:44  Zealot x2  
  107  9:45  Phoenix  
  109  9:49  Zealot  
  111  10:04  Phoenix  
  106  10:10  High Templar x2  
  106  10:11  Zealot x3  
  118  10:14  Archon  
  118  10:22  Pylon  
  118  10:23  Pylon  
  118  10:28  Phoenix  
  118  10:35  Pylon  
  110  10:51  Pylon  
  110  10:53  Phoenix  
  110  10:56  Zealot x4  
  100  11:09  Nexus  
  100  11:14  Phoenix, Probe x2  
  102  11:25  Sentry  
  106  11:27  Probe x2  
  108  11:37  Phoenix  
  110  11:42  High Templar x2  
  110  11:43  High Templar x2  
  110  11:44  Probe  
  110  11:45  Observer  
  119  11:47  Archon x2  
  119  11:53  Probe  
  119  11:58  Probe  
  120  12:02  Phoenix  
  122  12:09  Pylon  
  122  12:11  Zealot x3  
  122  12:12  Phoenix  
  126  12:24  Probe x3  
  126  12:27  Phoenix  
  131  12:35  Zealot x3  
  134  12:48  Phoenix  
  134  12:51  Zealot x4  
  142  13:00  Immortal  
  138  13:07  Phoenix  
  142  13:15  Zealot x3  
  142  13:18  Pylon  
  148  13:25  Zealot x2  
  151  13:28  Phoenix  
  147  13:37  Observer  
  147  13:46  Phoenix  
  148  13:52  Nexus  
  148  13:58  Observer  
  148  14:00  Photon Cannon  
  149  14:03  Phoenix  
  149  14:04  Photon Cannon  
  149  14:07  Photon Cannon  
  149  14:12  Zealot  
  149  14:13  Zealot x2  
  157  14:17  Shield Battery  
  157  14:26  Probe x2  
  157  14:30  Observer  
  157  14:31  Zealot x2  
  164  14:45  Nexus  
  164  14:53  Pylon  
  164  14:55  Pylon  
  164  15:03  Photon Cannon  
  164  15:08  Pylon  
  164  15:11  Phoenix  
  166  15:19  Zealot x2  
  166  15:36  Phoenix  
  166  15:40  Stargate  
  166  15:41  Shield Battery  
  166  15:59  Zealot  
  166  16:00  Phoenix, Zealot x3  
  172  16:10  Immortal  
  172  16:12  Zealot x3  
  172  16:16  Phoenix  
  183  16:28  Zealot x4  
  189  16:37  Phoenix  
  165  16:50  Phoenix  
  159  16:55  Phoenix  
  159  16:58  Immortal  
  141  17:08  Phoenix  
  141  17:10  Zealot  
  141  17:11  Zealot x6  
  141  17:12  Phoenix  
  153  17:32  Phoenix  
  153  17:33  Phoenix  
  153  17:35  Zealot x7  
  151  17:42  Observer  
  124  17:53  Photon Cannon x2  
  124  17:57  Phoenix  
  120  18:01  Phoenix  
  120  18:05  Warp Prism  
  120  18:06  Zealot x7  
  120  18:10  Shield Battery  
  136  18:20  Shield Battery  
  136  18:30  Zealot x4  
  140  18:39  Zealot x2  
  140  18:40  Zealot  
  143  18:41  Observer  
  141  18:50  Zealot x4  
  149  19:01  Pylon  
  139  19:07  Zealot x3  
Tags
 
Add a new tag
Caveats
  • Supply blocks, unpowered buildings, or Contaminate may cause inaccurate times.
  • Supply counts are checked every 10 seconds.